Nordiques vs Canadiens
Created - May 14, 2017 at 21:31
Goals
|
Nordiques |
0 |
1 |
1 |
0 |
2 |
Canadiens |
0 |
1 |
1 |
1 |
3 |
|
Shots
|
Nordiques |
6 |
16 |
12 |
0 |
34 |
Canadiens |
3 |
21 |
11 |
1 |
36 |
|
1st period
No Goal
Penalties :
Marek Svatos (Que) for Hooking (Minor) at 7:09, Dennis Wideman (Mon) for Holding (Minor) at 10:48, Evgeny Dadonov (Mon) for Hooking (Minor) at 13:20
2nd period
1. Canadiens , Devin Setoguchi 25 (Tomas Plekanec 22, Patrick Sharp 52) at 7:24
2. Nordiques , Nikolai Kulemin 9 (Dmitry Kulikov 21, Rich Peverley 14) at 11:45
Penalties :
Martin Hanzal (Mon) for Roughing (Minor) at 3:12, Tomas Plekanec (Mon) for Roughing (Minor) at 8:15, Stephane Robidas (Mon) for Interference (Minor) at 18:40
3rd period
3. Canadiens , Dustin Boyd 22 (Greg Stewart 31) at 10:38 (PP)
4. Nordiques , Matt Moulson 26 (Vaclav Prospal 37, Dmitry Kulikov 22) at 17:06 (PP)
Penalties :
Dustin Boyd (Mon) for Cross-checking (Minor) at 5:52, Dmitry Kulikov (Que) for Hooking (Minor) at 10:27, Stephane Robidas (Mon) for Roughing (Minor) at 16:29
Overtime #1
5. Canadiens , Tomas Plekanec 17 (Stephane Robidas 21, Patrick Sharp 53) at 2:34
Penalties :
No Penalty
Goalie Stats
Martin Brodeur (Que), 33 saves from 36 shots - (0.917), OTL, 31-16-9, 62:34 minutes
Jonathan Bernier (Mon), 32 saves from 34 shots - (0.941), W, 29-24-8, 62:34 minutes
Players Stats for Nordiques
Player Name G A P +/- PIM S H SB GA TA FO MP PP MP PK MP
------------------------------------------------------------------------------------
Chris Drury 0 0 0 -1 0 2 0 0 0 0 16/35 24:47 7:24 0:55
Dmitry Kulikov 0 2 2 -1 2 0 1 1 1 0 0/0 21:11 4:21 0:00
Dustin Byfuglien 0 0 0 -1 0 2 4 1 0 5 0/0 30:52 8:10 0:45
Fedor Tyutin 0 0 0 0 0 2 1 2 0 0 0/0 27:31 4:21 0:00
Jean-Pierre Dumont 0 0 0 -1 0 5 3 0 1 0 0/0 18:37 5:07 0:00
Kyle Calder 0 0 0 0 0 0 1 2 0 0 1/2 12:15 0:02 1:10
Marek Svatos 0 0 0 0 2 2 2 0 0 1 0/2 22:53 7:24 0:00
Mark Eaton 0 0 0 0 0 0 0 0 0 0 0/0 10:48 0:00 1:25
Matt Moulson 1 0 1 -1 0 2 1 1 0 1 0/0 18:20 5:07 0:30
Michael Ryder 0 0 0 1 0 2 1 0 0 0 0/1 7:14 0:00 0:00
Nikita Kucherov 0 0 0 0 0 1 0 1 0 0 0/0 10:08 0:00 0:00
Nikolai Kulemin 1 0 1 1 0 3 0 0 0 0 0/0 7:14 0:00 0:00
Paul Gaustad 0 0 0 -1 0 4 1 1 0 0 3/9 11:56 0:00 1:09
R.J. Umberger 0 0 0 0 0 1 2 1 0 2 1/2 24:17 7:22 0:20
Rich Peverley 0 1 1 1 0 1 0 0 0 0 1/4 7:20 0:00 0:06
Ryan Ellis 0 0 0 0 0 2 1 1 0 0 0/0 23:57 8:10 0:45
T.J. Fast 0 0 0 0 0 0 0 1 0 1 0/0 10:48 0:00 1:25
Vaclav Prospal 0 1 1 -1 0 5 4 0 0 0 7/20 17:56 5:07 0:10
Players Stats for Canadiens
Player Name G A P +/- PIM S H SB GA TA FO MP PP MP PK MP
------------------------------------------------------------------------------------
Andrei Loktionov 0 0 0 0 0 4 3 1 0 0 7/13 13:08 0:16 0:00
Brett Maclean 0 0 0 0 0 0 0 1 0 0 0/0 8:20 0:00 1:50
Dennis Wideman 0 0 0 0 2 3 0 4 3 1 0/0 29:24 1:15 5:41
Devin Setoguchi 1 0 1 2 0 6 0 0 0 0 1/2 20:57 0:59 3:50
Dustin Boyd 1 0 1 -1 2 5 2 0 0 0 8/14 13:59 1:02 0:26
Evgeny Dadonov 0 0 0 0 2 2 1 0 0 0 0/0 14:48 0:09 0:47
Greg Stewart 0 1 1 -1 0 1 0 0 1 0 2/2 22:13 1:02 7:16
Jay McKee 0 0 0 1 0 2 0 0 0 0 0/0 10:07 0:00 0:18
Jiri Tlusty 0 0 0 0 0 1 2 2 0 0 1/1 12:04 0:09 0:00
Jonas Hoglund 0 0 0 -1 0 0 4 0 0 0 0/0 13:18 0:55 0:00
Ladislav Smid 0 0 0 0 0 1 2 2 0 1 0/0 29:08 1:15 6:44
Martin Hanzal 0 0 0 0 2 0 0 0 1 0 2/4 5:14 0:00 0:02
Matt Carle 0 0 0 1 0 1 1 0 0 0 0/0 12:26 0:00 2:37
Patrick Sharp 0 2 2 1 0 4 2 2 0 0 6/10 27:54 0:59 7:23
Stephane Robidas 0 1 1 0 4 1 0 0 0 0 0/0 20:28 0:55 4:15
Tomas Plekanec 1 1 2 2 2 3 0 1 5 0 19/29 19:51 0:59 3:08
Torey Krug 0 0 0 0 0 0 0 1 0 0 0/0 2:36 0:00 0:18
Wade Redden 0 0 0 0 0 2 1 1 0 0 0/0 21:43 0:55 5:29
3 Stars
1 - Tomas Plekanec (Mon)
2 - Patrick Sharp (Mon)
3 - Devin Setoguchi (Mon)
Power Play
Nordiques - 1 on 7 Attempt(s) - 14.29%
Canadiens - 1 on 2 Attempt(s) - 50.00%
Penalty Kill
Nordiques - 1 on 2 Attempt(s) - 50.00%
- Score 0 goal in Penalty Kill
Canadiens - 6 on 7 Attempt(s) - 85.71%
- Score 0 goal in Penalty Kill
Team Stat
Nordiques - Hits : 22 - Faceoff Wins : 29 - Blocked Shots : 12 - Penalty Minutes : 4
Canadiens - Hits : 18 - Faceoff Wins : 46 - Blocked Shots : 15 - Penalty Minutes : 14
Official
Referees : Charron Francis and Lee Chris
Linesman : Pierre Racicot and Jonny Murray
Game Notes
No Game Note
Finance
Level 1 -- Attendance: 4573 (76.22%) -- Ticket Income $393,278
Level 2 -- Attendance: 4868 (97.36%) -- Ticket Income $243,400
Level 3 -- Attendance: 1801 (90.05%) -- Ticket Income $55,831
Level 4 -- Attendance: 2871 (71.78%) -- Ticket Income $63,162
Luxury Box -- Attendance: 749 (74.90%) -- Ticket Income $123,585
Game was played at the Centre Bell.
Total Attendance: 14862 (82.57%)
Total Ticket Income: $879,256
Other Income: $131,888
Total Income: $1,011,144
Nordiques
5 vs 5 Forward
Center Left Wing Right Wing Time % Phy DF OF
1 Chris Drury R.J. Umberger Marek Svatos 40 0 3 2
2 Vaclav Prospal Matt Moulson Jean-Pierre Dumont 30 0 3 2
3 Paul Gaustad Kyle Calder Nikita Kucherov 20 0 3 2
4 Rich Peverley Nikolai Kulemin Michael Ryder 10 0 3 2
5 vs 5 Defense
Defense Defense Time % Phy DF OF
1 Fedor Tyutin Dustin Byfuglien 40 0 5 0
2 Dmitry Kulikov Ryan Ellis 30 0 5 0
3 T.J. Fast Mark Eaton 20 0 5 0
4 Fedor Tyutin Dustin Byfuglien 10 0 5 0
PowerPlay Forward
Center Left Wing Right Wing Time % Phy DF OF
1 Chris Drury R.J. Umberger Marek Svatos 60 0 0 5
2 Vaclav Prospal Matt Moulson Jean-Pierre Dumont 40 0 0 5
PowerPlay Defense
Defense Defense Time % Phy DF OF
1 Dustin Byfuglien Ryan Ellis 60 0 2 3
2 Fedor Tyutin Dmitry Kulikov 40 0 2 3
Penalty Kill 4 Players Forward
Center Wing Time % Phy DF OF
1 Paul Gaustad Marek Svatos 60 0 4 1
2 Kyle Calder Vaclav Prospal 40 0 4 1
Penalty Kill 4 Players Defense
Defense Defense Time % Phy DF OF
1 T.J. Fast Mark Eaton 60 0 4 1
2 Dustin Byfuglien Ryan Ellis 40 0 4 1
Penalty Kill - 3 Players Forward
Forward Time % Phy DF OF
1 Paul Gaustad 60 0 5 0
2 Marek Svatos 40 0 5 0
Penalty Kill - 3 Players Defense
Defense Defense Time % Phy DF OF
1 T.J. Fast Mark Eaton 60 0 5 0
2 Dustin Byfuglien Dmitry Kulikov 40 0 5 0
4 vs 4 Forward
Center Wing Time % Phy DF OF
1 R.J. Umberger Chris Drury 60 0 1 4
2 Jean-Pierre Dumont Vaclav Prospal 40 0 1 4
4 vs 4 Defense
Defense Defense Time % Phy DF OF
1 Dustin Byfuglien Dmitry Kulikov 60 0 3 2
2 Fedor Tyutin Ryan Ellis 40 0 3 2
Last Minutes Offensive
Center Left Wing Right Wing Defense Defense
Chris Drury R.J. Umberger Jean-Pierre Dumont Dustin Byfuglien Fedor Tyutin
Last Minutes Defensive
Center Left Wing Right Wing Defense Defense
Paul Gaustad Kyle Calder Marek Svatos T.J. Fast Mark Eaton
Goaltenders
Starting : Martin Brodeur
Backup : Julien Ellis
Extra Forwards
Normal : Chris Drury, Jean-Pierre Dumont, R.J. Umberger - PP : Chris Drury, Jean-Pierre Dumont - PK : Marek Svatos
Extra Defensemen
Normal : Dmitry Kulikov, Ryan Ellis, Dustin Byfuglien - PP : Dmitry Kulikov - PK : Ryan Ellis, Dustin Byfuglien
Penalty Shots
R.J. Umberger, Chris Drury, Jean-Pierre Dumont, Vaclav Prospal, Marek Svatos
Scratches
Jarret Stoll (Healthy), Niklas Kronwall (Healthy), Pascal Dupuis (Healthy), Loïc Lacasse (Healthy)
Canadiens
5 vs 5 Forward
Center Left Wing Right Wing Time % Phy DF OF
1 Tomas Plekanec Patrick Sharp Devin Setoguchi 40 1 2 2
2 Dustin Boyd Greg Stewart Jonas Hoglund 30 1 2 2
3 Andrei Loktionov Evgeny Dadonov Jiri Tlusty 20 1 2 2
4 Martin Hanzal Brett Maclean Patrick Sharp 10 1 2 2
5 vs 5 Defense
Defense Defense Time % Phy DF OF
1 Dennis Wideman Ladislav Smid 40 1 2 2
2 Stephane Robidas Wade Redden 30 1 2 2
3 Jay McKee Matt Carle 20 1 2 2
4 Torey Krug Dennis Wideman 10 1 2 2
PowerPlay Forward
Center Left Wing Right Wing Time % Phy DF OF
1 Tomas Plekanec Patrick Sharp Devin Setoguchi 60 1 2 2
2 Dustin Boyd Greg Stewart Jonas Hoglund 40 1 2 2
PowerPlay Defense
Defense Defense Time % Phy DF OF
1 Dennis Wideman Ladislav Smid 60 1 2 2
2 Stephane Robidas Wade Redden 40 1 2 2
Penalty Kill 4 Players Forward
Center Wing Time % Phy DF OF
1 Patrick Sharp Greg Stewart 60 1 2 2
2 Tomas Plekanec Devin Setoguchi 40 1 2 2
Penalty Kill 4 Players Defense
Defense Defense Time % Phy DF OF
1 Dennis Wideman Ladislav Smid 60 1 2 2
2 Stephane Robidas Wade Redden 40 1 2 2
Penalty Kill - 3 Players Forward
Forward Time % Phy DF OF
1 Patrick Sharp 60 1 2 2
2 Greg Stewart 40 1 2 2
Penalty Kill - 3 Players Defense
Defense Defense Time % Phy DF OF
1 Dennis Wideman Ladislav Smid 60 1 2 2
2 Stephane Robidas Wade Redden 40 1 2 2
4 vs 4 Forward
Center Wing Time % Phy DF OF
1 Patrick Sharp Greg Stewart 60 1 2 2
2 Tomas Plekanec Devin Setoguchi 40 1 2 2
4 vs 4 Defense
Defense Defense Time % Phy DF OF
1 Dennis Wideman Ladislav Smid 60 1 2 2
2 Stephane Robidas Wade Redden 40 1 2 2
Last Minutes Offensive
Center Left Wing Right Wing Defense Defense
Tomas Plekanec Patrick Sharp Devin Setoguchi Dennis Wideman Ladislav Smid
Last Minutes Defensive
Center Left Wing Right Wing Defense Defense
Tomas Plekanec Patrick Sharp Devin Setoguchi Dennis Wideman Ladislav Smid
Goaltenders
Starting : Jonathan Bernier
Backup : Tobias Stephan
Extra Forwards
Normal : Andrei Loktionov, Evgeny Dadonov, Brett Maclean - PP : Andrei Loktionov, Evgeny Dadonov - PK : Brett Maclean
Extra Defensemen
Normal : Jay McKee, Matt Carle, Torey Krug - PP : Jay McKee - PK : Matt Carle, Torey Krug
Penalty Shots
Patrick Sharp, Greg Stewart, Tomas Plekanec, Devin Setoguchi, Jonas Hoglund
Scratches
Tobias Rieder (Healthy), Jon Merrill (Healthy)
% Time on Ice - Nordiques
Lines # - Real PCT - Wanted PCT - Time Play
Normal Forward
1 - 34% - 40% - 15:29
2 - 28% - 30% - 12:28
3 - 22% - 20% - 10:08
4 - 16% - 10% - 7:14
Normal Defense
1 - 42% - 40% - 19:15
2 - 34% - 30% - 15:26
3 - 21% - 20% - 9:23
4 - 3% - 10% - 1:15
PP Forward
1 - 59% - 60% - 7:24
2 - 41% - 40% - 5:07
PP Defense
1 - 65% - 60% - 8:10
2 - 35% - 40% - 4:21
PK Forward
1 - 92% - 60% - 2:00
2 - 8% - 40% - 0:10
PK Defense
1 - 65% - 60% - 1:25
2 - 35% - 40% - 0:45
PK3 Forward
1 - 0% - 60%
2 - 0% - 40%
PK3 Defense
1 - 0% - 60%
2 - 0% - 40%
44 Forward
1 - 93% - 60% - 2:23
2 - 7% - 40% - 0:11
44 Defense
1 - 56% - 60% - 1:26
2 - 44% - 40% - 1:08
Last Minute Offensive - 0:00
Last Minute Defensive - 0:00
Total
Forward - 62:34
Defense - 62:34
|
% Time on Ice - Canadiens
Lines # - Real PCT - Wanted PCT - Time Play
Normal Forward
1 - 37% - 40% - 16:51
2 - 28% - 30% - 12:32
3 - 25% - 20% - 11:21
4 - 10% - 10% - 4:35
Normal Defense
1 - 44% - 40% - 19:56
2 - 32% - 30% - 14:21
3 - 21% - 20% - 9:26
4 - 4% - 10% - 1:36
PP Forward
1 - 52% - 60% - 1:08
2 - 48% - 40% - 1:02
PP Defense
1 - 58% - 60% - 1:15
2 - 42% - 40% - 0:55
PK Forward
1 - 69% - 60% - 8:41
2 - 31% - 40% - 3:50
PK Defense
1 - 56% - 60% - 7:02
2 - 44% - 40% - 5:29
PK3 Forward
1 - 0% - 60%
2 - 0% - 40%
PK3 Defense
1 - 0% - 60%
2 - 0% - 40%
44 Forward
1 - 81% - 60% - 2:05
2 - 19% - 40% - 0:29
44 Defense
1 - 62% - 60% - 1:36
2 - 38% - 40% - 0:58
Last Minute Offensive - 0:00
Last Minute Defensive - 0:00
Total
Forward - 62:34
Defense - 62:34
|
Play by Play
1st period
0:01 of 1st period - Chris Drury wins face-off versus Tomas Plekanec in neutral zone.
0:17 of 1st period - Off-side.
0:18 of 1st period - Vaclav Prospal wins face-off versus Dustin Boyd in neutral zone.
1:04 of 1st period - Slapshot by Patrick Sharp.
1:04 of 1st period - Stopped by Martin Brodeur with a rebound.
1:25 of 1st period - Wrist shot by Patrick Sharp.
1:25 of 1st period - Shot Blocked by R.J. Umberger.
1:27 of 1st period - Snap shot by Tomas Plekanec.
1:27 of 1st period - Shot Misses the Net.
1:58 of 1st period - Paul Gaustad is hit by Jiri Tlusty and loses puck.
2:19 of 1st period - Devin Setoguchi is hit by Marek Svatos and loses puck.
2:32 of 1st period - Snap shot by Chris Drury.
2:32 of 1st period - Shot Blocked by Dennis Wideman.
3:58 of 1st period - Tomas Plekanec is hit by Ryan Ellis and loses puck.
5:15 of 1st period - Martin Hanzal is hit by Michael Ryder and loses puck.
5:20 of 1st period - Slapshot by Michael Ryder.
5:20 of 1st period - Stopped by Jonathan Bernier without a rebound.
5:21 of 1st period - Dustin Boyd wins face-off versus Chris Drury in Canadiens zone.
5:43 of 1st period - Icing by Fedor Tyutin.
5:44 of 1st period - Tomas Plekanec wins face-off versus Vaclav Prospal in Nordiques zone.
5:59 of 1st period - Snap shot by Tomas Plekanec.
5:59 of 1st period - Stopped by Martin Brodeur with a rebound.
6:43 of 1st period - Dennis Wideman is hit by Jean-Pierre Dumont and loses puck.
7:04 of 1st period - Wrist shot by Vaclav Prospal.
7:04 of 1st period - Stopped by Jonathan Bernier without a rebound.
7:05 of 1st period - Tomas Plekanec wins face-off versus Chris Drury in Canadiens zone.
7:09 of 1st period - Minor Penalty to Marek Svatos for Hooking.
7:10 of 1st period - Tomas Plekanec wins face-off versus Paul Gaustad in Nordiques zone.
7:24 of 1st period - Snap shot by Patrick Sharp.
7:24 of 1st period - Shot Misses the Net.
7:26 of 1st period - Wrist shot by Tomas Plekanec.
7:26 of 1st period - Shot Blocked by T.J. Fast.
7:36 of 1st period - T.J. Fast is hit by Jonas Hoglund and loses puck.
9:05 of 1st period - Chris Drury is hit by Jiri Tlusty and loses puck.
9:09 of 1st period - Penalty to Marek Svatos is over, Marek Svatos is back on ice.
9:55 of 1st period - Brett Maclean is hit by Vaclav Prospal and loses puck.
10:29 of 1st period - Wrist shot by Nikolai Kulemin.
10:29 of 1st period - Deflect By Matt Carle.
10:29 of 1st period - Shot Misses the Net.
10:29 of 1st period - Puck is out of play.
10:30 of 1st period - Andrei Loktionov wins face-off versus Rich Peverley in Canadiens zone.
10:48 of 1st period - Minor Penalty to Dennis Wideman for Holding.
10:49 of 1st period - Patrick Sharp wins face-off versus Chris Drury in Canadiens zone.
12:48 of 1st period - Penalty to Dennis Wideman is over, Dennis Wideman is back on ice.
12:53 of 1st period - Snap shot by Paul Gaustad.
12:53 of 1st period - Stopped by Jonathan Bernier without a rebound.
12:54 of 1st period - Paul Gaustad wins face-off versus Andrei Loktionov in Canadiens zone.
13:03 of 1st period - Wrist shot by Paul Gaustad.
13:03 of 1st period - Stopped by Jonathan Bernier without a rebound.
13:04 of 1st period - Andrei Loktionov wins face-off versus Paul Gaustad in Canadiens zone.
13:20 of 1st period - Minor Penalty to Evgeny Dadonov for Hooking.
13:21 of 1st period - Patrick Sharp wins face-off versus Chris Drury in Canadiens zone.
13:48 of 1st period - Patrick Sharp is hit by Jean-Pierre Dumont and loses puck.
14:25 of 1st period - Dennis Wideman is hit by Vaclav Prospal.
15:20 of 1st period - Penalty to Evgeny Dadonov is over, Evgeny Dadonov is back on ice.
15:24 of 1st period - Ladislav Smid is hit by Paul Gaustad and loses puck.
15:51 of 1st period - Snap shot by Patrick Sharp.
15:51 of 1st period - Shot Blocked by Fedor Tyutin.
15:53 of 1st period - Wrist shot by Matt Carle.
15:53 of 1st period - Stopped by Martin Brodeur with a rebound.
16:05 of 1st period - Wrist shot by Dmitry Kulikov.
16:05 of 1st period - Shot Misses the Net.
16:13 of 1st period - Snap shot by Paul Gaustad.
16:13 of 1st period - Shot Blocked by Brett Maclean.
16:15 of 1st period - Slapshot by Fedor Tyutin.
16:15 of 1st period - Deflect By Paul Gaustad.
16:15 of 1st period - Stopped by Jonathan Bernier with a rebound.
16:17 of 1st period - Slapshot by Dmitry Kulikov.
16:17 of 1st period - Shot Blocked by Dennis Wideman.
16:19 of 1st period - Slapshot by Fedor Tyutin.
16:19 of 1st period - Shot Misses the Net.
16:21 of 1st period - Wrist shot by Kyle Calder.
16:21 of 1st period - Shot Misses the Net.
16:23 of 1st period - Snap shot by Kyle Calder.
16:23 of 1st period - Shot Misses the Net.
16:25 of 1st period - Slapshot by Fedor Tyutin.
16:25 of 1st period - Shot Blocked by Dennis Wideman.
16:27 of 1st period - Slapshot by Dmitry Kulikov.
16:27 of 1st period - Shot Blocked by Patrick Sharp.
16:35 of 1st period - Slapshot by Fedor Tyutin.
16:35 of 1st period - Stopped by Jonathan Bernier with a rebound.
16:37 of 1st period - Slapshot by Fedor Tyutin.
16:37 of 1st period - Shot Blocked by Torey Krug.
16:39 of 1st period - Snap shot by Paul Gaustad.
16:39 of 1st period - Deflect By Nikita Kucherov.
16:39 of 1st period - Shot Misses the Net.
16:39 of 1st period - Puck is out of play.
16:40 of 1st period - Chris Drury wins face-off versus Dustin Boyd in Canadiens zone.
16:41 of 1st period - Snap shot by Marek Svatos.
16:41 of 1st period - Shot Misses the Net.
Goals for this period are 0 for Nordiques vs 0 for Canadiens.
Shots for this period are 6 for Nordiques vs 3 for Canadiens.
2nd period
0:01 of 2nd period - Tomas Plekanec wins face-off versus Chris Drury in neutral zone.
0:06 of 2nd period - Devin Setoguchi is hit by Dustin Byfuglien and loses puck.
0:13 of 2nd period - Snap shot by Marek Svatos.
0:13 of 2nd period - Stopped by Jonathan Bernier without a rebound.
0:14 of 2nd period - Tomas Plekanec wins face-off versus Chris Drury in Canadiens zone.
0:53 of 2nd period - Slapshot by Andrei Loktionov.
0:53 of 2nd period - Stopped by Martin Brodeur without a rebound.
0:54 of 2nd period - Tomas Plekanec wins face-off versus Vaclav Prospal in Nordiques zone.
0:59 of 2nd period - Snap shot by Patrick Sharp.
0:59 of 2nd period - Stopped by Martin Brodeur without a rebound.
1:00 of 2nd period - Tomas Plekanec wins face-off versus Vaclav Prospal in Nordiques zone.
1:01 of 2nd period - Slapshot by Devin Setoguchi.
1:01 of 2nd period - Shot Misses the Net.
1:03 of 2nd period - Slapshot by Devin Setoguchi.
1:03 of 2nd period - Stopped by Martin Brodeur with a rebound.
2:29 of 2nd period - Nikolai Kulemin is hit by Patrick Sharp and loses puck.
2:48 of 2nd period - Stephane Robidas is hit by Kyle Calder.
3:12 of 2nd period - Minor Penalty to Martin Hanzal for Roughing.
3:13 of 2nd period - Greg Stewart wins face-off versus Chris Drury in Canadiens zone.
3:45 of 2nd period - Wrist shot by Matt Moulson.
3:45 of 2nd period - Shot Misses the Net.
3:47 of 2nd period - Slapshot by Ryan Ellis.
3:47 of 2nd period - Stopped by Jonathan Bernier with a rebound.
3:49 of 2nd period - Snap shot by Jean-Pierre Dumont.
3:49 of 2nd period - Stopped by Jonathan Bernier without a rebound.
3:50 of 2nd period - Chris Drury wins face-off versus Tomas Plekanec in Canadiens zone.
3:59 of 2nd period - Slapshot by Chris Drury.
3:59 of 2nd period - Deflect By R.J. Umberger.
3:59 of 2nd period - Shot Misses the Net.
3:59 of 2nd period - Puck is out of play.
4:00 of 2nd period - Patrick Sharp wins face-off versus Chris Drury in Canadiens zone.
4:00 of 2nd period - Patrick Sharp is hit by R.J. Umberger.
4:11 of 2nd period - Off-side.
4:12 of 2nd period - R.J. Umberger wins face-off versus Patrick Sharp in neutral zone.
5:12 of 2nd period - Penalty to Martin Hanzal is over, Martin Hanzal is back on ice.
5:17 of 2nd period - Martin Hanzal is hit by Dmitry Kulikov and loses puck.
5:24 of 2nd period - Backhand shot by Stephane Robidas.
5:24 of 2nd period - Shot Blocked by Paul Gaustad.
5:26 of 2nd period - Snap shot by Jay McKee.
5:26 of 2nd period - Shot Misses the Net.
5:28 of 2nd period - Slapshot by Jay McKee.
5:28 of 2nd period - Stopped by Martin Brodeur with a rebound.
5:30 of 2nd period - Slapshot by Devin Setoguchi.
5:30 of 2nd period - Shot Misses the Net.
5:32 of 2nd period - Slapshot by Matt Carle.
5:32 of 2nd period - Deflect By Tomas Plekanec.
5:32 of 2nd period - Shot Blocked by Nikita Kucherov.
5:32 of 2nd period - Puck is out of play.
5:33 of 2nd period - Andrei Loktionov wins face-off versus Vaclav Prospal in Nordiques zone.
5:34 of 2nd period - Slapshot by Evgeny Dadonov.
5:34 of 2nd period - Stopped by Martin Brodeur with a rebound.
5:36 of 2nd period - Slapshot by Evgeny Dadonov.
5:36 of 2nd period - Shot Misses the Net.
5:38 of 2nd period - Slapshot by Wade Redden.
5:38 of 2nd period - Deflect By Andrei Loktionov.
5:38 of 2nd period - Stopped by Martin Brodeur without a rebound.
5:39 of 2nd period - Vaclav Prospal wins face-off versus Andrei Loktionov in Nordiques zone.
5:39 of 2nd period - Vaclav Prospal is hit by Evgeny Dadonov.
5:47 of 2nd period - Wrist shot by Jean-Pierre Dumont.
5:47 of 2nd period - Deflect By Matt Moulson.
5:47 of 2nd period - Shot Blocked by Jiri Tlusty.
5:47 of 2nd period - Puck is out of play.
5:48 of 2nd period - Tomas Plekanec wins face-off versus Marek Svatos in Canadiens zone.
5:48 of 2nd period - Tomas Plekanec is hit by Fedor Tyutin.
6:14 of 2nd period - Icing by Dustin Byfuglien.
6:15 of 2nd period - Dustin Boyd wins face-off versus Vaclav Prospal in Nordiques zone.
6:16 of 2nd period - Wrist shot by Greg Stewart.
6:16 of 2nd period - Stopped by Martin Brodeur without a rebound.
6:17 of 2nd period - Vaclav Prospal wins face-off versus Dustin Boyd in Nordiques zone.
6:33 of 2nd period - Off-side.
6:34 of 2nd period - Tomas Plekanec wins face-off versus Marek Svatos in neutral zone.
6:41 of 2nd period - Snap shot by Devin Setoguchi.
6:41 of 2nd period - Stopped by Martin Brodeur with a rebound.
6:43 of 2nd period - Wrist shot by Devin Setoguchi.
6:43 of 2nd period - Deflect By Tomas Plekanec.
6:43 of 2nd period - Stopped by Martin Brodeur with a rebound.
6:45 of 2nd period - Snap shot by Tomas Plekanec.
6:45 of 2nd period - Shot Misses the Net.
6:47 of 2nd period - Slapshot by Dennis Wideman.
6:47 of 2nd period - Stopped by Martin Brodeur with a rebound.
7:06 of 2nd period - Snap shot by Greg Stewart.
7:06 of 2nd period - Shot Blocked by Matt Moulson.
7:08 of 2nd period - Slapshot by Wade Redden.
7:08 of 2nd period - Deflect By Fedor Tyutin.
7:08 of 2nd period - Stopped by Martin Brodeur without a rebound.
7:09 of 2nd period - Devin Setoguchi wins face-off versus Vaclav Prospal in Nordiques zone.
7:12 of 2nd period - Snap shot by Patrick Sharp.
7:12 of 2nd period - Shot Misses the Net.
7:14 of 2nd period - Snap shot by Patrick Sharp.
7:14 of 2nd period - Shot Misses the Net.
7:24 of 2nd period - Snap shot by Devin Setoguchi.
7:24 of 2nd period - Goal by Devin Setoguchi - Nordiques : 0 - Canadiens : 1.
7:25 of 2nd period - Tomas Plekanec wins face-off versus Chris Drury in neutral zone.
7:40 of 2nd period - Snap shot by Patrick Sharp.
7:40 of 2nd period - Deflect By Devin Setoguchi.
7:40 of 2nd period - Shot Misses the Net.
7:40 of 2nd period - Puck is out of play.
7:41 of 2nd period - Dustin Boyd wins face-off versus Vaclav Prospal in Nordiques zone.
7:52 of 2nd period - Wrist shot by Vaclav Prospal.
7:52 of 2nd period - Stopped by Jonathan Bernier without a rebound.
7:53 of 2nd period - Tomas Plekanec wins face-off versus Chris Drury in Canadiens zone.
7:53 of 2nd period - Tomas Plekanec is hit by R.J. Umberger.
8:15 of 2nd period - Minor Penalty to Tomas Plekanec for Roughing.
8:16 of 2nd period - Greg Stewart wins face-off versus Chris Drury in Canadiens zone.
8:32 of 2nd period - Dennis Wideman is hit by Marek Svatos and loses puck.
10:15 of 2nd period - Penalty to Tomas Plekanec is over, Tomas Plekanec is back on ice.
10:23 of 2nd period - Brett Maclean is hit by Jean-Pierre Dumont and loses puck.
10:34 of 2nd period - Kyle Calder is hit by Andrei Loktionov.
10:40 of 2nd period - Wrist shot by Paul Gaustad.
10:40 of 2nd period - Deflect By Kyle Calder.
10:40 of 2nd period - Shot Blocked by Andrei Loktionov.
10:40 of 2nd period - Puck is out of play.
10:41 of 2nd period - Kyle Calder wins face-off versus Andrei Loktionov in Canadiens zone.
11:02 of 2nd period - Wrist shot by Nikolai Kulemin.
11:02 of 2nd period - Stopped by Jonathan Bernier without a rebound.
11:03 of 2nd period - Tomas Plekanec wins face-off versus Rich Peverley in Canadiens zone.
11:30 of 2nd period - Dustin Byfuglien is hit by Jonas Hoglund and loses puck.
11:39 of 2nd period - Slapshot by Rich Peverley.
11:39 of 2nd period - Stopped by Jonathan Bernier with a rebound.
11:41 of 2nd period - Slapshot by Nikolai Kulemin.
11:41 of 2nd period - Stopped by Jonathan Bernier with a rebound.
11:43 of 2nd period - Slapshot by Dmitry Kulikov.
11:43 of 2nd period - Shot Misses the Net.
11:45 of 2nd period - Wrist shot by Nikolai Kulemin.
11:45 of 2nd period - Goal by Nikolai Kulemin - Nordiques : 1 - Canadiens : 1.
11:46 of 2nd period - Chris Drury wins face-off versus Tomas Plekanec in neutral zone.
11:51 of 2nd period - Snap shot by Chris Drury.
11:51 of 2nd period - Shot Misses the Net.
11:53 of 2nd period - Slapshot by Fedor Tyutin.
11:53 of 2nd period - Stopped by Jonathan Bernier with a rebound.
11:55 of 2nd period - Slapshot by Dustin Byfuglien.
11:55 of 2nd period - Stopped by Jonathan Bernier without a rebound.
11:56 of 2nd period - Chris Drury wins face-off versus Tomas Plekanec in Canadiens zone.
12:03 of 2nd period - Wrist shot by Chris Drury.
12:03 of 2nd period - Stopped by Jonathan Bernier with a rebound.
12:05 of 2nd period - Snap shot by R.J. Umberger.
12:05 of 2nd period - Shot Misses the Net.
12:07 of 2nd period - Slapshot by Dustin Byfuglien.
12:07 of 2nd period - Deflect By Devin Setoguchi.
12:07 of 2nd period - Stopped by Jonathan Bernier without a rebound.
12:08 of 2nd period - Tomas Plekanec wins face-off versus Chris Drury in Canadiens zone.
12:21 of 2nd period - Marek Svatos is hit by Patrick Sharp and loses puck.
12:34 of 2nd period - Fedor Tyutin is hit by Jonas Hoglund.
12:40 of 2nd period - Snap shot by Vaclav Prospal.
12:40 of 2nd period - Stopped by Jonathan Bernier with a rebound.
12:42 of 2nd period - Snap shot by Jean-Pierre Dumont.
12:42 of 2nd period - Shot Blocked by Ladislav Smid.
12:44 of 2nd period - Snap shot by Matt Moulson.
12:44 of 2nd period - Stopped by Jonathan Bernier without a rebound.
12:45 of 2nd period - Chris Drury wins face-off versus Tomas Plekanec in Canadiens zone.
12:50 of 2nd period - Wrist shot by Chris Drury.
12:50 of 2nd period - Stopped by Jonathan Bernier without a rebound.
12:51 of 2nd period - Chris Drury wins face-off versus Tomas Plekanec in Canadiens zone.
13:00 of 2nd period - Wrist shot by Tomas Plekanec.
13:00 of 2nd period - Shot Misses the Net.
13:02 of 2nd period - Slapshot by Tomas Plekanec.
13:02 of 2nd period - Shot Blocked by Dustin Byfuglien.
13:04 of 2nd period - Wrist shot by Devin Setoguchi.
13:04 of 2nd period - Stopped by Martin Brodeur without a rebound.
13:05 of 2nd period - Tomas Plekanec wins face-off versus Chris Drury in Nordiques zone.
13:37 of 2nd period - Dennis Wideman is hit by Matt Moulson and loses puck.
13:58 of 2nd period - Wrist shot by Dustin Boyd.
13:58 of 2nd period - Shot Blocked by Kyle Calder.
14:00 of 2nd period - Snap shot by Dennis Wideman.
14:00 of 2nd period - Deflect By Dustin Byfuglien.
14:00 of 2nd period - Stopped by Martin Brodeur with a rebound.
14:02 of 2nd period - Slapshot by Dennis Wideman.
14:02 of 2nd period - Stopped by Martin Brodeur with a rebound.
14:04 of 2nd period - Wrist shot by Dustin Boyd.
14:04 of 2nd period - Stopped by Martin Brodeur with a rebound.
14:33 of 2nd period - Wrist shot by Marek Svatos.
14:33 of 2nd period - Shot Blocked by Jiri Tlusty.
14:35 of 2nd period - Slapshot by Fedor Tyutin.
14:35 of 2nd period - Shot Misses the Net.
14:37 of 2nd period - Snap shot by Chris Drury.
14:37 of 2nd period - Shot Hit the Post.
14:55 of 2nd period - Snap shot by Jean-Pierre Dumont.
14:55 of 2nd period - Stopped by Jonathan Bernier without a rebound.
14:56 of 2nd period - Tomas Plekanec wins face-off versus Vaclav Prospal in Canadiens zone.
15:11 of 2nd period - Wrist shot by Jean-Pierre Dumont.
15:11 of 2nd period - Shot Blocked by Tomas Plekanec.
15:32 of 2nd period - Snap shot by Chris Drury.
15:32 of 2nd period - Shot Misses the Net.
15:39 of 2nd period - Icing by Greg Stewart.
15:40 of 2nd period - Andrei Loktionov wins face-off versus Paul Gaustad in Canadiens zone.
15:49 of 2nd period - Wrist shot by Evgeny Dadonov.
15:49 of 2nd period - Shot Misses the Net.
15:51 of 2nd period - Wrist shot by Evgeny Dadonov.
15:51 of 2nd period - Shot Misses the Net.
15:55 of 2nd period - Wrist shot by Andrei Loktionov.
15:55 of 2nd period - Stopped by Martin Brodeur without a rebound.
15:56 of 2nd period - Tomas Plekanec wins face-off versus Chris Drury in Nordiques zone.
16:07 of 2nd period - Snap shot by Devin Setoguchi.
16:07 of 2nd period - Stopped by Martin Brodeur without a rebound.
16:08 of 2nd period - Chris Drury wins face-off versus Tomas Plekanec in Nordiques zone.
16:13 of 2nd period - Snap shot by R.J. Umberger.
16:13 of 2nd period - Shot Misses the Net.
17:10 of 2nd period - Icing by Stephane Robidas.
17:11 of 2nd period - Chris Drury wins face-off versus Andrei Loktionov in Canadiens zone.
17:24 of 2nd period - Wrist shot by Andrei Loktionov.
17:24 of 2nd period - Stopped by Martin Brodeur with a rebound.
17:26 of 2nd period - Wrist shot by Evgeny Dadonov.
17:26 of 2nd period - Shot Hit the Post.
17:28 of 2nd period - Slapshot by Wade Redden.
17:28 of 2nd period - Shot Blocked by Dmitry Kulikov.
17:30 of 2nd period - Slapshot by Andrei Loktionov.
17:30 of 2nd period - Shot Hit the Post.
17:32 of 2nd period - Wrist shot by Jiri Tlusty.
17:32 of 2nd period - Stopped by Martin Brodeur without a rebound.
17:33 of 2nd period - Vaclav Prospal wins face-off versus Tomas Plekanec in Nordiques zone.
18:12 of 2nd period - Chris Drury is hit by Jonas Hoglund and loses puck.
18:40 of 2nd period - Minor Penalty to Stephane Robidas for Interference.
18:41 of 2nd period - Patrick Sharp wins face-off versus Chris Drury in Canadiens zone.
18:41 of 2nd period - Patrick Sharp is hit by Dustin Byfuglien.
19:07 of 2nd period - Matt Carle is hit by Dustin Byfuglien and loses puck.
19:12 of 2nd period - Snap shot by Jean-Pierre Dumont.
19:12 of 2nd period - Shot Blocked by Wade Redden.
19:49 of 2nd period - Icing by Dustin Byfuglien.
19:50 of 2nd period - Tomas Plekanec wins face-off versus Chris Drury in Nordiques zone.
19:51 of 2nd period - Wrist shot by Devin Setoguchi.
19:51 of 2nd period - Stopped by Martin Brodeur without a rebound.
19:52 of 2nd period - Chris Drury wins face-off versus Devin Setoguchi in Nordiques zone.
Goals for this period are 1 for Nordiques vs 1 for Canadiens.
Shots for this period are 16 for Nordiques vs 21 for Canadiens.
3rd period
0:01 of 3rd period - Chris Drury wins face-off versus Patrick Sharp in neutral zone.
0:08 of 3rd period - Slapshot by Marek Svatos.
0:08 of 3rd period - Shot Misses the Net.
0:10 of 3rd period - Slapshot by Ryan Ellis.
0:10 of 3rd period - Shot Blocked by Dennis Wideman.
0:12 of 3rd period - Snap shot by Ryan Ellis.
0:12 of 3rd period - Stopped by Jonathan Bernier without a rebound.
0:13 of 3rd period - Chris Drury wins face-off versus Patrick Sharp in Canadiens zone.
0:24 of 3rd period - Snap shot by Chris Drury.
0:24 of 3rd period - Shot Misses the Net.
0:40 of 3rd period - Penalty to Stephane Robidas is over, Stephane Robidas is back on ice.
0:48 of 3rd period - Wrist shot by Evgeny Dadonov.
0:48 of 3rd period - Stopped by Martin Brodeur with a rebound.
0:50 of 3rd period - Slapshot by Wade Redden.
0:50 of 3rd period - Deflect By Ryan Ellis.
0:50 of 3rd period - Stopped by Martin Brodeur with a rebound.
0:52 of 3rd period - Snap shot by Stephane Robidas.
0:52 of 3rd period - Stopped by Martin Brodeur without a rebound.
0:53 of 3rd period - Vaclav Prospal wins face-off versus Andrei Loktionov in Nordiques zone.
1:52 of 3rd period - Fedor Tyutin is hit by Dustin Boyd and loses puck.
2:51 of 3rd period - Matt Carle is hit by Vaclav Prospal and loses puck.
2:56 of 3rd period - Snap shot by Jean-Pierre Dumont.
2:56 of 3rd period - Stopped by Jonathan Bernier without a rebound.
2:57 of 3rd period - Tomas Plekanec wins face-off versus Vaclav Prospal in Canadiens zone.
3:02 of 3rd period - Snap shot by Jay McKee.
3:02 of 3rd period - Shot Misses the Net.
3:04 of 3rd period - Backhand shot by Jay McKee.
3:04 of 3rd period - Stopped by Martin Brodeur without a rebound.
3:05 of 3rd period - Chris Drury wins face-off versus Tomas Plekanec in Nordiques zone.
3:12 of 3rd period - Snap shot by Chris Drury.
3:12 of 3rd period - Shot Misses the Net.
3:14 of 3rd period - Snap shot by R.J. Umberger.
3:14 of 3rd period - Stopped by Jonathan Bernier with a rebound.
3:32 of 3rd period - Slapshot by Dustin Boyd.
3:32 of 3rd period - Stopped by Martin Brodeur without a rebound.
3:33 of 3rd period - Dustin Boyd wins face-off versus Vaclav Prospal in Nordiques zone.
3:40 of 3rd period - Wrist shot by Dustin Boyd.
3:40 of 3rd period - Stopped by Martin Brodeur with a rebound.
3:42 of 3rd period - Wrist shot by Ladislav Smid.
3:42 of 3rd period - Stopped by Martin Brodeur without a rebound.
3:43 of 3rd period - Tomas Plekanec wins face-off versus Chris Drury in Nordiques zone.
4:10 of 3rd period - Wrist shot by Vaclav Prospal.
4:10 of 3rd period - Stopped by Jonathan Bernier without a rebound.
4:11 of 3rd period - Dustin Boyd wins face-off versus Vaclav Prospal in Canadiens zone.
4:55 of 3rd period - Off-side.
4:56 of 3rd period - Rich Peverley wins face-off versus Andrei Loktionov in neutral zone.
5:22 of 3rd period - R.J. Umberger is hit by Ladislav Smid and loses puck.
5:45 of 3rd period - Snap shot by Jean-Pierre Dumont.
5:45 of 3rd period - Stopped by Jonathan Bernier without a rebound.
5:46 of 3rd period - Dustin Boyd wins face-off versus Vaclav Prospal in Canadiens zone.
5:52 of 3rd period - Minor Penalty to Dustin Boyd for Cross-checking.
5:53 of 3rd period - Patrick Sharp wins face-off versus Chris Drury in Canadiens zone.
7:52 of 3rd period - Penalty to Dustin Boyd is over, Dustin Boyd is back on ice.
8:08 of 3rd period - Wrist shot by Dustin Boyd.
8:08 of 3rd period - Stopped by Martin Brodeur without a rebound.
8:09 of 3rd period - Andrei Loktionov wins face-off versus Paul Gaustad in Nordiques zone.
8:43 of 3rd period - Wrist shot by Patrick Sharp.
8:43 of 3rd period - Stopped by Martin Brodeur without a rebound.
8:44 of 3rd period - Chris Drury wins face-off versus Tomas Plekanec in Nordiques zone.
9:12 of 3rd period - Slapshot by Patrick Sharp.
9:12 of 3rd period - Shot Misses the Net.
9:40 of 3rd period - Snap shot by Marek Svatos.
9:40 of 3rd period - Stopped by Jonathan Bernier with a rebound.
9:48 of 3rd period - Wrist shot by Patrick Sharp.
9:48 of 3rd period - Shot Misses the Net.
9:50 of 3rd period - Snap shot by Patrick Sharp.
9:50 of 3rd period - Shot Misses the Net.
10:24 of 3rd period - Snap shot by Patrick Sharp.
10:24 of 3rd period - Stopped by Martin Brodeur without a rebound.
10:25 of 3rd period - Vaclav Prospal wins face-off versus Dustin Boyd in Nordiques zone.
10:27 of 3rd period - Minor Penalty to Dmitry Kulikov for Hooking.
10:28 of 3rd period - Dustin Boyd wins face-off versus Paul Gaustad in Nordiques zone.
10:38 of 3rd period - Snap shot by Dustin Boyd.
10:38 of 3rd period - Goal by Dustin Boyd - Nordiques : 1 - Canadiens : 2.
10:39 of 3rd period - Vaclav Prospal wins face-off versus Dustin Boyd in neutral zone.
10:44 of 3rd period - Jonas Hoglund is hit by Vaclav Prospal and loses puck.
11:05 of 3rd period - Paul Gaustad is hit by Ladislav Smid.
11:22 of 3rd period - Icing by Andrei Loktionov.
11:23 of 3rd period - Martin Hanzal wins face-off versus Michael Ryder in Canadiens zone.
11:59 of 3rd period - Wrist shot by Vaclav Prospal.
11:59 of 3rd period - Stopped by Jonathan Bernier without a rebound.
12:00 of 3rd period - Chris Drury wins face-off versus Dustin Boyd in Canadiens zone.
12:00 of 3rd period - Chris Drury is hit by Wade Redden.
12:27 of 3rd period - Ryan Ellis is hit by Andrei Loktionov and loses puck.
12:38 of 3rd period - Wrist shot by Andrei Loktionov.
12:38 of 3rd period - Shot Misses the Net.
12:56 of 3rd period - Paul Gaustad is hit by Matt Carle and loses puck.
14:14 of 3rd period - Dustin Byfuglien is hit by Dustin Boyd and loses puck.
14:41 of 3rd period - Snap shot by Michael Ryder.
14:41 of 3rd period - Stopped by Jonathan Bernier with a rebound.
14:56 of 3rd period - Off-side.
14:57 of 3rd period - Dustin Boyd wins face-off versus Chris Drury in neutral zone.
15:40 of 3rd period - Snap shot by Jean-Pierre Dumont.
15:40 of 3rd period - Stopped by Jonathan Bernier with a rebound.
15:42 of 3rd period - Wrist shot by Vaclav Prospal.
15:42 of 3rd period - Shot Misses the Net.
16:18 of 3rd period - Slapshot by Ryan Ellis.
16:18 of 3rd period - Shot Misses the Net.
16:29 of 3rd period - Minor Penalty to Stephane Robidas for Roughing.
16:30 of 3rd period - Chris Drury wins face-off versus Patrick Sharp in Canadiens zone.
17:06 of 3rd period - Slapshot by Matt Moulson.
17:06 of 3rd period - Goal by Matt Moulson - Nordiques : 2 - Canadiens : 2.
17:07 of 3rd period - Jiri Tlusty wins face-off versus Paul Gaustad in neutral zone.
17:18 of 3rd period - Wrist shot by Paul Gaustad.
17:18 of 3rd period - Stopped by Jonathan Bernier without a rebound.
17:19 of 3rd period - Martin Hanzal wins face-off versus Kyle Calder in Canadiens zone.
17:32 of 3rd period - Snap shot by Brett Maclean.
17:32 of 3rd period - Shot Blocked by Kyle Calder.
17:34 of 3rd period - Snap shot by Brett Maclean.
17:34 of 3rd period - Shot Blocked by Fedor Tyutin.
18:42 of 3rd period - Icing by Ryan Ellis.
18:43 of 3rd period - Andrei Loktionov wins face-off versus Rich Peverley in Nordiques zone.
18:50 of 3rd period - Snap shot by Evgeny Dadonov.
18:50 of 3rd period - Shot Blocked by Ryan Ellis.
18:57 of 3rd period - Off-side.
18:58 of 3rd period - Paul Gaustad wins face-off versus Martin Hanzal in neutral zone.
19:01 of 3rd period - Slapshot by Fedor Tyutin.
19:01 of 3rd period - Shot Blocked by Ladislav Smid.
19:03 of 3rd period - Slapshot by Fedor Tyutin.
19:03 of 3rd period - Shot Blocked by Patrick Sharp.
19:09 of 3rd period - Wrist shot by Nikita Kucherov.
19:09 of 3rd period - Stopped by Jonathan Bernier without a rebound.
19:10 of 3rd period - Paul Gaustad wins face-off versus Martin Hanzal in Canadiens zone.
19:32 of 3rd period - Icing by Martin Hanzal.
19:33 of 3rd period - Andrei Loktionov wins face-off versus Vaclav Prospal in Canadiens zone.
Goals for this period are 1 for Nordiques vs 1 for Canadiens.
Shots for this period are 12 for Nordiques vs 11 for Canadiens.
Overtime #1
0:01 of 1st overtime period - Patrick Sharp wins face-off versus R.J. Umberger in neutral zone.
1:48 of 1st overtime period - Fedor Tyutin is hit by Andrei Loktionov and loses puck.
2:11 of 1st overtime period - Dennis Wideman is hit by Dustin Byfuglien and loses puck.
2:34 of 1st overtime period - Wrist shot by Tomas Plekanec.
2:34 of 1st overtime period - Goal by Tomas Plekanec - Nordiques : 2 - Canadiens : 3.
Goals for this period are 0 for Nordiques vs 1 for Canadiens.
Shots for this period are 0 for Nordiques vs 1 for Canadiens.
Back to the Top